 Dungeon Crawl Stone Soup version 0.22.0 (webtiles) character file.

53 Blackhawk the Charmwright (level 3, -3/30 HPs)
             Began as a Draconian Skald on Oct 21, 2018.
             Slain by Terence
             ... wielding a +0 morningstar
              (11 damage)
             ... on level 2 of the Dungeon.
             The game lasted 00:02:26 (1048 turns).

Blackhawk the Charmwright (Draconian Skald)         Turns: 1048, Time: 00:02:26

Health: -3/30      AC:  5    Str: 14    XL:     3   Next: 62%
Magic:  6/6        EV: 12    Int: 13    God:
Gold:   47         SH:  0    Dex: 10    Spells: 5/6 levels left

rFire    . . .     SeeInvis .   a - +0 hand axe
rCold    . . .     Gourm    .   (no shield)
rNeg     . . .     Faith    .   (armour unavailable)
rPois    .         Spirit   .   (helmet restricted)
rElec    .         Reflect  .   (no cloak)
rCorr    .         Harm     .   (no gloves)
MR       .....                  (no boots)
Stlth    +.........             (no amulet)
HPRegen  0.10/turn              (no ring)
MPRegen  0.10/turn              (no ring)

@: no status effects
A: unfitting armour, cold-blooded, AC +5
a: no special abilities


You were on level 2 of the Dungeon.
You were not hungry.

You visited 1 branch of the dungeon, and saw 2 of its levels.

You collected 47 gold pieces.

Inventory:

Hand Weapons
 a - a +0 hand axe (weapon)
Missiles
 b - 9 stones (quivered)
 d - 38 sling bullets
Jewellery
 i - an uncursed ring of positive energy {unknown}
Scrolls
 f - 2 scrolls of identify {unknown}
 g - 3 scrolls of remove curse {unknown}
 j - a scroll of magic mapping {unknown}
 k - a scroll of random uselessness {unknown}
 l - a scroll of amnesia {unknown}
Potions
 e - a potion of haste {unknown}
 m - a potion of heal wounds {unknown}
Comestibles
 c - 4 rations
 h - 6 chunks of flesh


   Skills:
 + Level 2.7 Fighting
 + Level 2.5 Axes
 + Level 2.5 Dodging
 + Level 2.4 Spellcasting
 + Level 3.0 Charms


You had 5 spell levels left.
You knew the following spells:

 Your Spells              Type           Power        Failure   Level  Hunger
a - Infusion              Chrm           #...         7%          1    #......

Your spell library contained the following spells:

 Spells                   Type           Power        Failure   Level  Hunger
 Regeneration             Chrm/Necr      #.........   36%         3    ###....
 Shroud of Golubria       Chrm/Tloc      #.........   21%         2    ###....
 Song of Slaying          Chrm           #.......     11%         2    ###....
 Spectral Weapon          Hex/Chrm       #.......     36%         3    ###....


Dungeon Overview and Level Annotations

Branches:
Dungeon (2/15)

Altars:

Annotations:
D:2 Terence


Innate Abilities, Weirdness & Mutations

Your plain brown scales are hard. (AC +5)
You cannot fit into any form of body armour.
You are cold-blooded and may be slowed by cold attacks.


Message History

Terence is lightly wounded.
Terence hits you with a morningstar!
* * * LOW HITPOINT WARNING * * *
You are too injured to fight recklessly!
You are too injured to fight recklessly!
You are too injured to fight recklessly!
You are too injured to fight recklessly!
You are too injured to fight recklessly!
You are too injured to fight recklessly!
You are too injured to fight recklessly!
You are too injured to fight recklessly!
You are too injured to fight recklessly!
You hit Terence but do no damage.
Terence is lightly wounded.
Terence hits you with a morningstar.
* * * LOW HITPOINT WARNING * * *
You hit Terence.
Terence is lightly wounded.
Terence hits you with a morningstar!
You die...

..### ....# .... .##.)#
..# .# ..# ..# .# #.##
#.# # # ## ..# #.# .#.#
## #.# #.####....#
.#####.#######.........#
.......^........@@.#
######..#######...##
##...# .........
###....##.#..###
...###.##.# ##...#.# ...
##..?# ##.. ..# #.


You could see Terence.

Vanquished Creatures
  An adder (D:2)
  3 dart slugs (D:1)
  3 bats (D:1)
  3 giant cockroaches (D:1)
  7 goblins (D:1)
  4 hobgoblins
  4 jackals (D:1)
  3 frilled lizards
  4 kobolds (D:1)
  4 rats (D:1)
36 creatures vanquished.

Vanquished Creatures (others)
  A kobold (D:1)
1 creature vanquished.

Grand Total: 37 creatures vanquished

Notes
Turn   | Place    | Note
-------+----------+-------------------------------------------
     0 | D:1      | Blackhawk the Draconian Skald began the quest for the Orb.
     0 | D:1      | Reached XP level 1. HP: 17/17 MP: 3/3
   221 | D:1      | Reached XP level 2. HP: 21/25 MP: 5/5
   555 | D:1      | Reached XP level 3. HP: 21/30 MP: 6/6
   606 | D:1      | Reached skill level 3 in Charms
  1035 | D:2      | Noticed Terence
  1048 | D:2      | Slain by Terence

Skill      XL: |  1  2  3 |
---------------+----------+-----
Charms         | 3 |  3.0
Fighting       | |  2.7
Axes           | |  2.5
Dodging        | |  2.5
Spellcasting   | |  2.4

Action                   || total
-------------------------++-------
Melee: Hand axe          ||   125
       Tailslap          ||    11
  Eat: Chunk             ||     1
Armor: Skin              ||    38
Dodge: Dodged            ||    78
